cohdb
Replays
Latest Replays
All Replays
Popular Replays
Top Player Replays
Match Explorer
How It Works
Community
CoH3 Stats
Reddit
Sign in to upload your games and track your stats! →
Sign in with Steam
Match 42101896
Unlisted
Match 42101896
Overview
Messages
Build Orders
End
Royal Engineer Section
Construct Section Command Post
Infantry Section
Infantry Section
ML 3-inch Mortar Team
Construct Platoon Command Post
Humber Armored Car
Selects Air and Sea Battlegroup
Selects Commando Section Paradrop
Commando Section Paradrop
Unlock Bishop Self-propelled Artillery
Selects Naval Blockade
6-pounder Anti-tank Gun Team
Vickers Machine Gun Team
Bishop Self-propelled Artillery
Grenade Package
Selects Commando Support Section Paradrop
Selects Anti-tank Rocket Loiter
Construct Company Command Post
Crusader II Medium Tank
GochoARG
Cure Seraph
Lieut✪LunchBox
Nashorn101
0
0
Comments
sign in to comment!
No comments posted yet!